Map: Triton LE

Players

Santos

  • Race: Zerg Zerg
  • League: Platinum
  • Spawn Location: 11:00

Khun (Ranger) - Winner!

  • Race: Protoss Protoss
  • Spawn Location: 5:00

Event: SEA Games 2019

VOD

https://youtu.be/y2gDylYJOKM

Description

Time

  • Played on: Dec. 5, 2019, 2:23 a.m.
  • Length: 11:36

All games in this series

Show
View Real Time Build Order
Export as new Build Order

Santos Zerg 

Build Orders: Hatch First 

Get SALT Encoding   

  12  0:00  Drone  
  13  0:12  Overlord  
  13  0:17  Drone  
  14  0:30  Drone x2  
  16  0:48  Hatchery  
  15  0:51  Drone  
  15  0:55  Drone  
  17  0:58  Drone  
  18  1:06  Extractor  
  17  1:14  Spawning Pool  
  17  1:17  Drone  
  17  1:20  Drone  
  18  1:29  Drone  
  19  1:40  Drone  
  20  1:53  Overlord  
  20  2:01  Queen x2  
  22  2:02  Zergling x4  
  26  2:10  Metabolic Boost  
  26  2:16  Drone x2  
  28  2:27  Drone x2  
  30  2:40  Hatchery  
  29  2:44  Drone x2  
  29  2:45  Drone  
  29  2:49  Overlord  
  32  2:57  Drone x2  
  34  3:05  Zergling x2  
  34  3:07  Queen  
  34  3:11  Drone x2  
  38  3:13  Overlord  
  38  3:18  Drone  
  38  3:19  Drone  
  40  3:23  Zergling x2  
  41  3:32  Zergling x4  
  40  3:49  Spore Crawler  
  40  3:52  Spore Crawler, Drone x5  
  40  3:54  Pneumatized Carapace  
  43  3:55  Queen  
  45  4:06  Zergling x8  
  48  4:13  Drone  
  48  4:16  Drone  
  48  4:17  Drone  
  50  4:18  Lair  
  50  4:21  Drone  
  50  4:26  Drone x2  
  50  4:29  Overlord  
  50  4:36  Overlord  
  49  4:40  Extractor x2  
  49  4:42  Drone  
  49  4:43  Roach Warren  
  47  4:47  Zergling x6  
  47  4:52  Spore Crawler  
  45  4:55  Drone x3  
  47  5:04  Drone  
  47  5:05  Drone x4  
  52  5:08  Overlord  
  52  5:15  Drone x4  
  56  5:26  Roach x4  
  56  5:28  Roach  
  65  5:39  Overseer  
  65  5:43  Drone x8  
  73  5:50  Glial Reconstitution  
  73  5:55  Overlord  
  73  5:56  Overlord x3  
  73  6:09  Drone  
  73  6:10  Overlord x2  
  73  6:23  Drone x10  
  83  6:28  Roach  
  83  6:29  Roach x2  
  89  6:33  Baneling Nest  
  88  6:45  Extractor x2  
  88  6:46  Hatchery  
  85  6:53  Evolution Chamber  
  82  6:57  Roach x13  
  109  7:03  Queen x2  
  113  7:09  Roach x3  
  119  7:18  Zergling x2  
  119  7:19  Zergling x4  
  119  7:20  Overlord x3  
  122  7:30  Roach  
  122  7:35  Roach  
  121  7:39  Roach x5  
  127  7:46  Zergling x2  
  127  7:47  Zergling x8  
  126  7:56  Roach x3  
  120  8:03  Zergling x8  
  120  8:04  Zergling x2  
  114  8:10  Centrifical Hooks  
  110  8:15  Evolution Chamber  
  110  8:17  Evolution Chamber  
  110  8:18  Ravager x4  
  110  8:19  Ravager  
  113  8:23  Zergling x8  
  113  8:26  Drone x2  
  119  8:28  Drone  
  99  8:47  Roach x9  
  99  8:48  Roach  
  111  8:54  Zerg Missile Weapons Level 1  
  111  8:59  Zerg Melee Weapons Level 1  
  113  9:03  Roach x4  
  115  9:25  Roach  
  115  9:26  Roach x10  
  130  9:34  Drone x8  
  134  9:44  Drone x7  
  138  9:52  Queen  
  140  9:54  Drone x3  
  140  9:57  Spore Crawler  
  142  10:01  Zergling x4  
  143  10:13  Drone  
  144  10:14  Overlord x4  
  144  10:28  Spire  
  144  10:30  Extractor  
  144  10:32  Extractor x2  
  140  10:37  Zergling x22  
  140  10:38  Zergling x8  
  146  10:47  Roach x6  
  154  10:52  Roach  
  154  10:53  Roach x2  
  149  11:00  Baneling  
  149  11:01  Baneling x16  
  149  11:02  Zergling x2  
  146  11:09  Roach  
  146  11:10  Roach x3  
  155  11:11  Ravager x2  
  155  11:12  Ravager x3  
Show
View Real Time Build Order
Export as new Build Order

Khun Protoss - Winner!

Build Orders: 1 Gate Expand, Oracle Opening, Phoenix Opening, Archon Immortal 

Get SALT Encoding   

  12  0:00  Probe  
  13  0:12  Probe  
  14  0:24  Probe, Pylon  
  15  0:42  Probe (Chrono Boost), Gateway  
  16  0:53  Assimilator, Probe (Chrono Boost)  
  17  0:58  Probe (Chrono Boost)  
  18  1:09  Probe  
  19  1:21  Probe  
  20  1:30  Nexus  
  20  1:37  Cybernetics Core  
  20  1:41  Assimilator  
  20  1:42  Probe  
  21  1:48  Pylon  
  21  1:54  Probe  
  22  2:06  Probe  
  23  2:12  Adept (Chrono Boost)  
  25  2:18  Probe  
  26  2:23  Stargate  
  26  2:30  Warp Gate (Chrono Boost)  
  26  2:31  Probe (Chrono Boost)  
  26  2:33  Adept (Chrono Boost)  
  29  2:42  Probe (Chrono Boost)  
  30  2:48  Probe (Chrono Boost)  
  31  2:51  Probe (Chrono Boost)  
  31  2:55  Probe (Chrono Boost), Adept  
  31  2:56  Probe (Chrono Boost)  
  35  3:07  Probe  
  35  3:08  Probe, Oracle (Chrono Boost)  
  40  3:19  Probe  
  41  3:20  Probe  
  41  3:24  Pylon  
  41  3:25  Gateway  
  42  3:31  Probe  
  42  3:32  Probe  
  44  3:43  Probe  
  44  3:44  Probe  
  44  3:45  Phoenix  
  44  3:54  Assimilator  
  44  3:55  Probe  
  45  3:56  Assimilator  
  45  3:57  Probe  
  45  3:59  Twilight Council  
  46  4:07  Probe, Gateway  
  46  4:09  Probe  
  48  4:16  Oracle  
  49  4:17  Adept  
  49  4:19  Probe  
  49  4:22  Adept  
  54  4:30  Shield Battery  
  54  4:33  Pylon  
  54  4:37  Robotics Facility  
  54  4:40  Gateway  
  54  4:41  Gateway  
  54  4:48  Pylon  
  54  5:05  Cybernetics Core  
  54  5:06  Charge (Chrono Boost)  
  54  5:29  Gateway x2  
  54  5:33  Templar Archives  
  54  5:35  Pylon  
  54  5:39  Pylon  
  54  5:44  Pylon  
  54  5:52  Warp Prism  
  54  5:53  Probe x2  
  57  5:57  Forge  
  57  6:04  Stalker x2  
  57  6:05  Probe  
  57  6:07  Probe  
  61  6:18  Nexus  
  61  6:19  Zealot x2  
  61  6:21  Pylon  
  65  6:28  Pylon  
  64  6:34  Protoss Ground Weapons Level 1 (Chrono Boost)  
  64  6:36  Zealot  
  64  6:38  Immortal  
  70  6:42  Probe, Gateway  
  70  6:45  Gateway  
  68  6:56  High Templar x3  
  68  6:57  High Templar  
  68  6:58  Adept  
  68  7:01  Adept  
  80  7:02  Archon x2  
  80  7:13  Probe x2  
  82  7:17  Immortal  
  86  7:23  Sentry  
  86  7:24  Zealot  
  86  7:25  Probe  
  87  7:37  Zealot x4  
  87  7:42  Probe x2 (Chrono Boost)  
  90  7:47  Stalker x2  
  90  7:48  Probe (Chrono Boost)  
  81  7:52  Probe (Chrono Boost)  
  77  8:00  Immortal (Chrono Boost)  
  77  8:01  Zealot x3  
  84  8:13  Probe (Chrono Boost)  
  84  8:15  High Templar x3  
  84  8:16  Zealot, Probe (Chrono Boost), High Templar  
  84  8:19  Probe (Chrono Boost)  
  96  8:22  Probe (Chrono Boost), Gateway  
  96  8:23  Archon x2, Assimilator  
  96  8:24  Zealot, Gateway  
  96  8:25  Zealot, Assimilator  
  101  8:28  Shield Battery  
  101  8:37  Observer (Chrono Boost)  
  101  8:39  Zealot x2  
  100  8:47  Probe x3  
  103  8:55  Sentry x3  
  109  9:00  Shield Battery  
  109  9:01  Shield Battery  
  109  9:02  Photon Cannon  
  109  9:06  Pylon  
  109  9:08  Pylon  
  109  9:09  Pylon  
  109  9:24  Probe x3  
  112  9:29  Immortal  
  116  9:31  Zealot x3  
  116  9:36  Probe  
  122  9:46  Pylon  
  122  9:49  Pylon  
  122  9:51  Pylon  
  122  9:53  Fleet Beacon  
  122  9:57  High Templar x4  
  122  9:58  Zealot  
  132  10:04  Archon  
  132  10:05  Archon  
  132  10:06  Nexus  
  132  10:18  High Templar x2  
  132  10:19  Zealot x4, Immortal (Chrono Boost)  
  142  10:24  Probe  
  142  10:25  Pylon  
  142  10:27  Archon  
  147  10:28  Probe  
  144  10:47  Immortal  
  134  10:56  Zealot x5  
  134  10:57  Zealot x2  
  142  10:58  Zealot  
  142  10:59  Zealot x2  
  132  11:21  Zealot  
  132  11:23  Zealot x6  
Tags
 
Add a new tag
Caveats
  • Supply blocks, unpowered buildings, or Contaminate may cause inaccurate times.
  • Supply counts are checked every 10 seconds.